 Dungeon Crawl Stone Soup version 0.25-a0-253-g6f1b5d974a (webtiles) character file.

Game seed: 11028226756583792, levelgen mode: classic

264 Borgoz the Cutter (level 6, 0/58 HPs)
             Began as a Kobold Fighter on Dec 5, 2019.
             Was an Initiate of Ashenzari.
             Succumbed to a big kobold's poison
             ... in a sewer.
             The game lasted 00:04:01 (2054 turns).

Borgoz the Cutter (Kobold Fighter)                  Turns: 2054, Time: 00:04:01

Health: 0/58       AC:  6    Str: 20    XL:     6   Next: 43%
Magic:  6/6        EV: 14    Int:  9    God:    Ashenzari [......]
Gold:   81         SH:  5    Dex: 15    Spells: 5/5 levels left

rFire    . . .     SeeInvis .   a - +0 rapier
rCold    . . .     Gourm    .   h - +0 buckler
rNeg     . . .     Faith    .   g - +0 ring mail (curse)
rPois    .         Spirit   .   (no helmet)
rElec    .         Reflect  .   b - +0 cloak
rCorr    .         Harm     .   (no gloves)
MR       .....                  (no boots)
Stlth    ..........             (no amulet)
HPRegen  0.19/turn              (no ring)
MPRegen  0.10/turn              (no ring)

@: berserking (expiring), lethally poisoned (0 -> -40), very quick
A: small, carnivore
a: Curse Item, Renounce Religion


You were in a sewer.
You worshipped Ashenzari.
Ashenzari was noncommittal.
You were very full.

You visited 1 branch of the dungeon, and saw 3 of its levels.
You also visited: Sewer.

You collected 81 gold pieces.

Inventory:

Hand Weapons
 a - a +0 rapier (weapon)
Armour
 b - a +0 cloak (worn)
 g - a cursed +0 ring mail (worn)
 h - a +0 buckler (worn)
Scrolls
 n - a scroll of fear {unknown}
Potions
 c - a potion of brilliance {unknown}
 d - 2 potions of might
 e - 3 potions of curing {unknown}
 i - 2 potions of agility {unknown}
 k - a potion of haste {unknown}
 l - 4 potions of heal wounds {unknown}
 m - 2 potions of flight {unknown}
Comestibles
 f - 7 rations


   Skills:
 * Level 4.7 Fighting
 * Level 5.0 Short Blades
 + Level 3.0 Armour
 * Level 3.3 Dodging
 + Level 2.6 Shields


You had 5 spell levels left.
You didn't know any spells.
Your spell library was empty.

Dungeon Overview and Level Annotations

Branches:
Dungeon (3/15)              Sewer (1/1)

Altars:
Ashenzari


Innate Abilities, Weirdness & Mutations

You are small and have problems with some larger weapons.
You are carnivorous and can eat meat at any time.


Message History

Your Armour skill increases to level 3!
* * * LOW HITPOINT WARNING * * *
You feel sick.
* * * LOW HITPOINT WARNING * * *
You feel very sick. The kobold closely misses you.
There is a large open door, spattered with blood here.
Things that are here:
a +2 dagger of venom; 3 stones; a big kobold corpse You closely miss the kobold.
* * * LOW HITPOINT WARNING * * *
You feel sick. The kobold hits you but does no damage.
You miss the kobold.
* * * LOW HITPOINT WARNING * * *
You feel sick.
You puncture the kobold!
You kill the kobold!
* * * LOW HITPOINT WARNING * * *
You feel very sick.
You die...

#...P..#≈≈≈≈≈≈......#
#P.....#≈≈≈#P≈≈....##
#...P≈≈#≈≈≈#≈≈.....#
##...≈P#≈≈≈#P......#
##...P≈≈≈≈≈#.......#
#....≈≈≈≈≈≈#.......#
###...P#≈≈≈#.......#
#.(..#≈≈≈#.....###
##''##≈≈≈##)@###
#))..#≈≈≈#..!.#
#....#≈≈≈#.!..#
#..∩.#≈≈≈#.∩..#
#....#≈≈≈#.?..#
######≈≈≈######
#...'≈≈≈# #∩∩.#≈≈≈#
#...#≈≈≈#


There were no monsters in sight!

Vanquished Creatures
  A big kobold (Sewer)
  A howler monkey (D:3)
  Terence (D:2)
  3 adders
  3 oozes
  2 worms
  3 dart slugs
  5 leopard geckos (D:3)
  An orc (D:3)
  5 ball pythons
  6 bats
  8 giant cockroaches
  4 goblins
  10 hobgoblins
  2 jackals (D:1)
  A quokka (D:2)
  2 frilled lizards
  11 kobolds
  7 rats
76 creatures vanquished.

Notes
Turn   | Place    | Note
-------+----------+-------------------------------------------
     0 | D:1      | Borgoz the Kobold Fighter began the quest for the Orb.
     0 | D:1      | Reached XP level 1. HP: 14/14 MP: 1/1
   144 | D:1      | Reached skill level 3 in Short Blades
   144 | D:1      | Reached skill level 1 in Dodging
   144 | D:1      | Reached XP level 2. HP: 19/19 MP: 2/2
   286 | D:1      | Reached XP level 3. HP: 18/23 MP: 3/3
   387 | D:2      | Found a shattered altar of Ashenzari.
   388 | D:2      | Noticed Terence
   414 | D:2      | Killed Terence
   414 | D:2      | Reached XP level 4. HP: 25/29 MP: 4/4
   433 | D:2      | Became a worshipper of Ashenzari the Shackled
   846 | D:2      | Reached skill level 4 in Short Blades
  1294 | D:3      | Reached XP level 5. HP: 33/33 MP: 5/5
  1645 | D:3      | Found a glowing drain.
  1669 | Sewer    | Entered a sewer
  1969 | Sewer    | Reached XP level 6. HP: 32/39 MP: 6/6
  2049 | Sewer    | Reached skill level 5 in Short Blades
  2053 | Sewer    | HP: 2/58 [poisoned by a big kobold]
  2054 | Sewer    | Succumbed to a big kobold's poison

Levels and vault maps discovered:
D:1:      saegor_arrival_simple_d, layout_basic, minmay_misc_feat_rows
D:2:      layout_rooms, overflow_temple_1_default, first_ration,
          bh_walls_and_bars, uniq_terence
D:3:      layout_loops_ring, nicolae_overflow_hidden_temple,
          gup_sewer_entry_pipe
Sewer:    kennysheep_pipe_town

Skill      XL: |  1  2  3  4  5  6 |
---------------+-------------------+-----
Short Blades   | 3 4 5 |  5.0
Dodging        | 1 2 3 |  3.3
Fighting       | 4 |  4.7
Armour         | 3 |  3.0
Shields        | |  2.6

Action                   |  1- 3 |  4- 6 || total
-------------------------+-------+-------++-------
Melee: Rapier            |    56 |   240 ||   296
  Use: Scroll            |       |     2 ||     2
       Potion            |       |     1 ||     1
  Eat: Chunk             |     3 |     9 ||    12
Armor: Scale mail        |    10 |       ||    10
       Ring mail         |     6 |    51 ||    57
Dodge: Dodged            |    17 |   131 ||   148
Block: Shield            |    14 |    19 ||    33
       Buckler           |       |    49 ||    49

Table legend:
 A = Non-vault XP
 B = Vault XP
 C = Vault XP percentage of total XP
 D = Non-vault monster count
 E = Vault monster count
 F = Vault count percentage of total count
                 A         B        C        D         E       F
            +---------+---------+-------+---------+---------+-------
      Total |     194 |     184 |  48.7 |      48 |      28 |  36.8
            +---------+---------+-------+---------+---------+-------
        D:1 |      32 |       0 |   0.0 |      12 |       0 |   0.0
        D:2 |      70 |      36 |  34.0 |      22 |       1 |   4.3
        D:3 |      92 |      21 |  18.6 |      14 |       8 |  36.4
      Sewer |       0 |     127 | 100.0 |       0 |      19 | 100.0
            +---------+---------+-------+---------+---------+-------
